 Dungeon Crawl Stone Soup version 0.30.0-15-g856e2d3f33 (webtiles) character file.

Game seed: 3144061983106640425

27 qw the Shield-Bearer (level 3, 0/23 HPs)
             Began as a Gargoyle Fighter on May 21, 2023.
             Slain by Terence
             ... wielding a +0 trident
              (6 damage)
             ... on level 2 of the Dungeon.
             The game lasted 00:00:26 (771 turns).

qw the Shield-Bearer (Gargoyle Fighter)              Turns: 771, Time: 00:00:27

Health: 0/23       AC: 10    Str: 21    XL:     3   Next: 10%
Magic:  3/3        EV:  9    Int:  8    God:
Gold:   69         SH:  4    Dex:  9    Spells: 2/2 levels left

rFire   . . .        Y - +0 war axe
rCold   . . .        c - +0 buckler
rNeg    + . .        b - +0 scale mail
rPois   inf          (no helmet)
rElec   +            (no cloak)
rCorr   .            (no gloves)
SInv    .            (no boots)
Will    .....        (no amulet) Stlth
                     (no ring)
HPRegen 0.23/turn    (no ring)
MPRegen 0.08/turn

%: no passive effects
@: no status effects
A: sickness immunity, AC +3, negative energy resistance 1, electricity
resistance, torment resistance 1, petrification resistance
a: no special abilities


You were on level 2 of the Dungeon.
You visited 1 branch of the dungeon, and saw 2 of its levels.

You collected 69 gold pieces.


Innate Abilities, Weirdness & Mutations

You are immune to sickness and miasma.
Your stone body is resilient. (AC +3)
You are immune to poison.
You resist negative energy. (rN+)
You are resistant to electric shocks. (rElec)
You are resistant to unholy torment.
You are immune to petrification.


   Skills:
 - Level 3.2 Fighting
 + Level 3.1 Axes
 - Level 3.2 Armour
 - Level 3.2 Shields


You had 2 spell levels left.
You didn't know any spells.
Your spell library was empty.

Inventory:

Hand Weapons
 l - a +0 whip
 Y - a +0 war axe (weapon)
Armour
 b - a +0 scale mail (worn)
 c - a +0 buckler (worn)
Scrolls
 i - a scroll of enchant armour
Potions
 d - 2 potions of might
 j - a potion of curing
 k - a potion of degeneration {unknown}

Dungeon Overview and Level Annotations

Branches:
Dungeon (2/15)

Altars:
Kikubaaqudgha

Annotations:
D:2 Terence


Message History

You slash the dart slug!
You kill the dart slug!
You start resting.
HP restored.
Found a stone staircase leading up.
Enter note:
There is a stone staircase leading up here.
A rat comes into view.
Enter note: You slash the rat!
You kill the rat!
Terence the Incautious comes into view.
He is wielding a +0 trident.
Terence shouts!
A giant cockroach comes into view.
763 ||| Stepping ~*~*~tactically~*~*~ (hiding).
764 ||| Stepping ~*~*~tactically~*~*~ (hiding).
765 ||| Stepping ~*~*~tactically~*~*~ (hiding).
Terence shouts, "Get ready for death!"
Terence hits you but does no damage. You block Terence's attack.
You hit Terence but do no damage. You hit the giant cockroach.
Terence hits you with a +0 trident! You block the giant cockroach's attack.
Terence hits you with a +0 trident.
You completely miss the giant cockroach.
The giant cockroach is moderately wounded.
You barely miss Terence. You block the giant cockroach's attack.
The giant cockroach bites you but does no damage.
Terence hits you with a +0 trident!
You hit the giant cockroach but do no damage.
The giant cockroach is moderately wounded.
You hit Terence but do no damage. The giant cockroach bites you.
Terence barely misses you.
The giant cockroach waves its antennae.
The giant cockroach misses you.
You completely miss the giant cockroach.
The giant cockroach is moderately wounded.
You hit Terence. Terence hits you with a +0 trident.
You die...

#.........##..### #
##..##.##.#...### #.
#.###......##.....##.
...##..............#.###.
......##..._....%.##.....
..##.%.#......##.......#
. ###.#...............#
....##.....#....####...#
........@##.##.### ##..#
...##..@.B....... ....
#.#....##.... ##...
#.##.......## .... ..
##....#.# ###. .. ....#.#
... ....# .....


You could see Terence and a giant cockroach.

Vanquished Creatures
  2 dart slugs
  A ball python (D:1)
  3 bats (D:1)
  An endoplasm (D:1)
  A giant cockroach (D:1)
  2 goblins (D:1)
  A hobgoblin (D:2)
  3 quokkas (D:1)
  5 kobolds (D:1)
  3 rats
22 creatures vanquished.

Notes
Turn   | Place    | Note
-------+----------+-------------------------------------------
     0 | D:1      | qw the Gargoyle Fighter began the quest for the Orb.
     0 | D:1      | Reached XP level 1. HP: 14/14 MP: 1/1
     0 | D:1      | 0 ||| qw: Version: 0.2-a-98-g16b38d9
     0 | D:1      | 0 ||| qw: Game counter: 10
     0 | D:1      | 0 ||| qw: Always use a shield: true
     0 | D:1      | 0 ||| qw: God list: Okawaru
     0 | D:1      | 0 ||| qw: Allow faded altars: false
     0 | D:1      | 0 ||| qw: Do Orc after D:15 true
     0 | D:1      | 0 ||| qw: Do second Lair branch before Depths: true
     0 | D:1      | 0 ||| qw: Lair rune preference: random
     0 | D:1      | 0 ||| qw: Plans: Normal, Zot:1-4, God:TSO, Crypt, Tomb,
                  | Pan, Slime:5, Hells, Abyss, Win
     0 | D:1      | 0 ||| PLANNING D:1-11
    13 | D:1      | 13 ||| Stepping ~*~*~tactically~*~*~ (hiding).
    17 | D:1      | 17 ||| Stepping ~*~*~tactically~*~*~ (hiding).
    19 | D:1      | 19 ||| Stepping ~*~*~tactically~*~*~ (hiding).
   129 | D:1      | 129 ||| Stepping ~*~*~tactically~*~*~ (stealth).
   138 | D:1      | Reached XP level 2. HP: 19/19 MP: 2/2
   592 | D:1      | 592 ||| DROPPING +0 club.
   642 | D:1      | 642 ||| READING 3 scrolls labelled JIRIUQ IQIY.
   643 | D:1      | 643 ||| READING 3 scrolls labelled VASIPR RAIRIUD.
   644 | D:1      | 644 ||| READING scroll labelled IRACZI IGYEC.
   645 | D:1      | 645 ||| READING 2 scrolls labelled HUOTEPH GEHUAZ.
   646 | D:1      | 646 ||| DRINKING 2 ruby potions.
   647 | D:1      | 647 ||| DROPPING 2 scrolls of fear.
   648 | D:1      | 648 ||| DROPPING 2 scrolls of amnesia.
   658 | D:2      | 658 ||| STAIRDANCE
   661 | D:1      | Reached skill level 3 in Axes
   697 | D:2      | Found an ancient bone altar of Kikubaaqudgha.
   706 | D:2      | Reached XP level 3. HP: 19/23 MP: 3/3
   761 | D:2      | Noticed Terence
   763 | D:2      | 763 ||| Stepping ~*~*~tactically~*~*~ (hiding).
   764 | D:2      | 764 ||| Stepping ~*~*~tactically~*~*~ (hiding).
   765 | D:2      | 765 ||| Stepping ~*~*~tactically~*~*~ (hiding).
   771 | D:2      | Slain by Terence

Levels and vault maps discovered:
D:1:      nzn_arrival_water_spiral, layout_rooms,
          hangedman_abyss_or_decor_stabs, serial_bayou_pond_b,
          corexii_leaking_fountain
D:2:      layout_rooms, hellmonk_ecumenical_altar_prayer_group, basic_altar,
          minivault_26, uniq_terence

Skill      XL: |  1  2 |
---------------+-------+-----
Axes           | 2 3 |  3.1
Fighting       | |  3.2
Armour         | |  3.2
Shields        | |  3.2

Action                     || total
---------------------------++-------
  Melee: War axe           ||    58
    Use: Scroll            ||     4
         Potion            ||     1
 Armour: Scale mail        ||    34
  Dodge: Dodged            ||    27
  Block: Buckler           ||    10

Table legend:
 A = Non-vault XP
 B = Vault XP
 C = Vault XP percentage of total XP
 D = Non-vault monster count
 E = Vault monster count
 F = Vault count percentage of total count
                 A         B        C        D         E       F
            +---------+---------+-------+---------+---------+-------
      Total |      34 |       5 |  12.8 |      18 |       4 |  18.2
            +---------+---------+-------+---------+---------+-------
        D:1 |      27 |       5 |  15.6 |      15 |       4 |  21.1
        D:2 |       7 |       0 |   0.0 |       3 |       0 |   0.0
            +---------+---------+-------+---------+---------+-------
